 Dungeon Crawl Stone Soup version 0.28-a0-1152-g9c71ebef14 (console) character file.

Game seed: 7858870398613958478

7 jejorda2 the Poker (level 2, -1/24 HPs)
             Began as a Merfolk Berserker on Dec 15, 2021.
             Was a Follower of Trog.
             Slain by a jackal (2 damage)
             ... on level 1 of the Dungeon.
             The game lasted 00:00:57 (136 turns).

jejorda2 the Poker (Merfolk Berserker)               Turns: 136, Time: 00:00:57

Health: -1/24      AC:  2    Str: 17    XL:     2   Next: 4%
Magic:  2/2        EV: 12    Int:  6    God:    Trog [*.....]
Gold:   0          SH:  0    Dex: 13    Spells: 1/1 levels left

rFire   . . .      SeeInvis .   a - +0 spear
rCold   . . .      Faith    .   (no shield)
rNeg    . . .      Spirit   .   b - +0 animal skin
rPois   .          Reflect  .   (no helmet)
rElec   .          Harm     .   (no cloak)
rCorr   .          Rampage  .   (no gloves)
Will    .....                   (no boots)
Stlth   +.........              (no amulet)
HPRegen 0.08/turn               (no ring)
MPRegen 0.08/turn               (no ring)

@: on berserk cooldown, slowed, very slow
A: (nimble swimmer 2), mertail
a: Renounce Religion, Berserk


You were on level 1 of the Dungeon.
You worshipped Trog.
Trog was aware of your devotion.
You visited 1 branch of the dungeon, and saw 1 of its levels.

Inventory:

Hand Weapons
 a - a +0 spear (weapon)
Armour
 b - a +0 animal skin (worn)
Scrolls
 d - a scroll of identify {unknown}
Potions
 c - a potion of resistance {unknown}


   Skills:
 + Level 3.4 Fighting
 * Level 4.8 Polearms
 + Level 1.5 Armour
 - Level 2.6 Dodging


You had one spell level left.
You didn't know any spells.
Your spell library was empty.

Dungeon Overview and Level Annotations

Branches:
Dungeon (1/15)

Altars:


Innate Abilities, Weirdness & Mutations

((You are quick and stealthy near water. (Stealth+, EV+, Speed+++)))
Your lower body shifts to a powerful aquatic tail in water.


Message History

The jackal bites you.
You barely miss the jackal.
The jackal is moderately wounded.
The jackal misses you.
You puncture the jackal!
You kill the jackal!
Trog accepts your kill.
You puncture the rat!
You kill the rat!
Trog accepts your kill.
You have reached level 2!
Reach: a) +0 spear
Press: ? - help, Dir - move target, f - kobold
Aim: a kobold, wielding a +0 short sword (about 44% to evade your +0 spear)
You reach to attack!
You puncture the kobold!
You kill the kobold!
Trog accepts your kill.
You start resting.
You feel a strong urge to attack something.
A jackal is nearby!
You feel your anger nearly subside.
You are no longer berserk.
You are exhausted.
You feel yourself slow down.
You hit the jackal.
The jackal is severely wounded.
The jackal bites you.
* * * LOW HITPOINT WARNING * * *
The jackal bites you.
* * * LOW HITPOINT WARNING * * *
You closely miss the jackal.
The jackal is severely wounded.
The jackal bites you.
* * * LOW HITPOINT WARNING * * *
The jackal bites you but does no damage.
You hit the jackal but do no damage.
The jackal is severely wounded.
The jackal bites you.
* * * LOW HITPOINT WARNING * * *
The jackal bites you.
You die...

#.........#
#.........####
#............
#..........#
#..........#
.....rh.# ######..#
#....################
#.#......)††h@.......
#
#.#..##########......
####....# .....
......#.###### ....
.###.........# #. ...
...#..####..## #.. ..
##.#..# ##.##... .
.#..#####..#.###
.....##..........#


You could see a jackal.

Vanquished Creatures
  A ball python (D:1)
  An endoplasm (D:1)
  2 jackals (D:1)
  A frilled lizard (D:1)
  A kobold (D:1)
  A rat (D:1)
7 creatures vanquished.

Notes
Turn   | Place    | Note
-------+----------+-------------------------------------------
     0 | D:1      | jejorda2 the Merfolk Berserker began the quest for the Orb.
     0 | D:1      | Reached XP level 1. HP: 18/18 MP: 1/1
   126 | D:1      | Reached XP level 2. HP: 12/24 MP: 2/2
   136 | D:1      | HP: 1/24 [jackal (2)]
   136 | D:1      | Slain by a jackal

Illustrated notes

Levels and vault maps discovered:
D:1:      lightli_iron_boxes, layout_rooms, serial_forest,
          infiniplex_forest_clump_small, infiniplex_forest_clump_medium,
          infiniplex_forest_lined_3, infiniplex_forest_straight_4,
          infiniplex_forest_straight_2

Action                   || total
-------------------------++-------
Melee: Spear             ||    25
Invok: Berserk           ||     1
Armor: Animal skin       ||     5
Dodge: Dodged            ||    12

Table legend: (Time is in decaauts)
 A = Elapsed time spent in this place.
 B = Non-inter-level travel time spent in this place.
 C = Inter-level travel time spent in this place.
 D = Time resting spent in this place.
 E = Time spent auto-exploring this place.
 F = Levels seen in this place.
 G = Mean time per level.
                   A        B        C        D        E       F      G
               +--------+--------+--------+--------+--------+-----+--------+
         Total |    133 |    133 |      0 |      1 |     71 |   1 |  133.0 |
       Dungeon |    133 |    133 |      0 |      1 |     71 |   1 |  133.0 |
               +--------+--------+--------+--------+--------+-----+--------+

Top non-repeatable levels by time:
     D:1: 133 daAuts
